[ AOE2 MATCH · #506738017 ]
UnrankedShu vs Bohemians
Player's team · WIN
Rival team · LOSS
[ REPLAY ANALYSIS · EXTRACTED FROM THE RECORDED GAME ]
Feudal
9:55
Castle
21:11
Imperial
39:03
| APM avg | 54.7 |
| APM peak | 94 |
| eAPM avg | 26.4 |
| Villagers / military | 177 / 164 |
Focus
⚔️ 34.6% · 🌾 65.4%
Scout Cavalry ×143 · Unknown (1962) ×19 · Mangonel ×10 · Unknown (1942) ×9 · Skirmisher ×8 · Monk ×3
Feudal
11:15
Castle
17:07
Imperial
35:23
| APM avg | 62.1 |
| APM peak | 104 |
| eAPM avg | 25.7 |
| Villagers / military | 127 / 147 |
Focus
⚔️ 37.7% · 🌾 62.3%
Hussite Wagon ×60 · Spearman ×42 · Monk ×25 · Bombard Cannon ×13 · Militia ×5 · Trebuchet (Packed) ×2
Match map
Initial resources + every placement click. Lines = walls · curves = elevation contours. ◆ gold · ⬟ stone · ● berries · ✦ relic · ◌ wall gap
Your base· ✓ Closed at 21:11 · 7t walls · no gate
shegin's base· Open — opponent sealed themselves in
Smoothed initial terrain · ◌ = detected wall gap · hover for details
Inputs per minute
— JOJO ROAD ROLLER - - shegin
Build order — JOJO ROAD ROLLER
First 150 of 546 actions detected
| 0:01 | Create | Villager (Male) ×4 |
| 0:02 | Build | House |
| 0:11 | Build | House |
| 1:28 | Create | Villager (Male) |
| 2:01 | Create | Villager (Male) |
| 2:31 | Build | Lumber Camp |
| 2:33 | Create | Villager (Male) |
| 2:33 | Create | Villager (Male) |
| 3:01 | Create | Villager (Male) |
| 3:01 | Create | Villager (Male) |
| 3:32 | Create | Villager (Male) |
| 3:32 | Create | Villager (Male) |
| 3:47 | Create | Villager (Male) |
| 4:03 | Build | House |
| 4:13 | Create | Villager (Male) |
| 4:13 | Create | Villager (Male) |
| 4:41 | Create | Villager (Male) |
| 4:42 | Create | Villager (Male) |
| 5:09 | Create | Villager (Male) |
| 5:09 | Create | Villager (Male) |
| 5:16 | Build | Barracks |
| 5:28 | Create | Villager (Male) |
| 5:28 | Create | Villager (Male) |
| 5:54 | Create | Villager (Male) |
| 5:55 | Create | Villager (Male) |
| 6:26 | Research | Loom |
| 6:47 | Create | Villager (Male) |
| 7:17 | Research | Loom |
| 7:45 | Research | Feudal Age |
| 8:04 | Build | House |
| 8:44 | Build | House |
| 8:59 | Build | Palisade Wall |
| 9:10 | Create | Villager (Male) |
| 9:42 | Build | House |
| 9:48 | Create | Villager (Male) |
| 9:55 | Age | Feudal Age |
| 9:57 | Build | Archery Range |
| 10:00 | Build | Stable |
| 10:05 | Build | Palisade Wall |
| 10:07 | Build | Palisade Wall |
| 10:16 | Create | Villager (Male) |
| 10:17 | Research | Double-Bit Axe |
| 10:31 | Create | Villager (Male) |
| 10:50 | Create | Skirmisher |
| 10:51 | Create | Skirmisher |
| 10:56 | Create | Scout Cavalry |
| 10:56 | Create | Scout Cavalry |
| 10:58 | Create | Villager (Male) |
| 11:09 | Create | Villager (Male) |
| 11:21 | Create | Villager (Male) |
| 11:23 | Create | Skirmisher |
| 11:24 | Create | Villager (Male) |
| 11:38 | Create | Skirmisher |
| 11:50 | Create | Scout Cavalry |
| 11:55 | Create | Villager (Male) |
| 12:00 | Build | Mill |
| 12:08 | Create | Skirmisher |
| 12:39 | Create | Scout Cavalry |
| 12:44 | Create | Villager (Male) |
| 12:48 | Build | House |
| 13:09 | Create | Scout Cavalry |
| 13:42 | Create | Scout Cavalry |
| 13:43 | Create | Skirmisher |
| 13:45 | Build | Farm |
| 13:45 | Build | Farm |
| 13:45 | Build | Farm |
| 13:46 | Build | Farm |
| 13:46 | Build | Farm |
| 13:46 | Build | Farm |
| 13:46 | Build | Farm |
| 13:47 | Build | Farm |
| 13:48 | Build | Farm |
| 13:50 | Build | Farm |
| 14:15 | Build | Farm |
| 14:17 | Create | Skirmisher |
| 14:23 | Research | Town Watch |
| 14:25 | Build | House |
| 14:27 | Build | House |
| 14:51 | Create | Villager (Male) |
| 14:56 | Build | Farm |
| 14:58 | Build | Farm |
| 14:59 | Build | Farm |
| 15:17 | Create | Skirmisher |
| 15:19 | Create | Villager (Male) |
| 15:27 | Build | Farm |
| 15:45 | Create | Scout Cavalry |
| 15:55 | Create | Villager (Male) |
| 16:04 | Build | Mining Camp |
| 16:22 | Create | Villager (Male) |
| 16:27 | Research | Horse Collar |
| 16:46 | Create | Villager (Male) |
| 17:13 | Create | Villager (Male) |
| 17:25 | Create | Villager (Male) |
| 17:27 | Build | Blacksmith |
| 18:31 | Research | Castle Age |
| 18:51 | Create | Scout Cavalry |
| 20:00 | Create | Villager (Male) |
| 20:05 | Build | House |
| 20:05 | Build | House |
| 20:46 | Create | Villager (Male) |
| 20:54 | Create | Villager (Male) |
| 21:09 | Create | Villager (Male) |
| 21:11 | Age | Castle Age |
| 21:12 | Build | Siege Workshop |
| 21:16 | Build | Town Center |
| 21:19 | Create | Villager (Male) |
| 21:20 | Research | Bow Saw |
| 21:33 | Research | Wheelbarrow |
| 21:38 | Create | Unit 1944 |
| 21:45 | Build | Monastery |
| 21:52 | Create | Villager (Male) |
| 21:57 | Create | Mangonel |
| 22:03 | Create | Villager (Male) |
| 22:24 | Create | Villager (Male) |
| 22:31 | Create | Monk |
| 22:33 | Create | Mangonel |
| 22:35 | Create | Villager (Male) |
| 22:51 | Create | Villager (Male) |
| 22:59 | Create | Villager (Male) |
| 23:07 | Create | Villager (Male) |
| 23:23 | Build | Lumber Camp |
| 23:24 | Create | Villager (Male) |
| 23:26 | Create | Monk |
| 23:33 | Create | Villager (Male) |
| 23:43 | Create | Villager (Male) |
| 23:52 | Create | Villager (Male) |
| 23:59 | Build | Town Center |
| 24:10 | Create | Villager (Male) |
| 24:22 | Create | Monk |
| 24:32 | Create | Villager (Male) |
| 24:35 | Create | Scout Cavalry |
| 24:36 | Create | Scout Cavalry |
| 24:39 | Build | Stable |
| 24:43 | Research | Light Cavalry (upgrade) |
| 24:48 | Build | Farm |
| 24:48 | Build | Farm |
| 24:48 | Build | Farm |
| 24:48 | Build | Farm |
| 24:49 | Build | Farm |
| 24:49 | Build | Farm |
| 24:49 | Build | Farm |
| 24:54 | Create | Villager (Male) |
| 24:54 | Create | Villager (Male) |
| 24:57 | Create | Scout Cavalry |
| 25:05 | Create | Villager (Male) |
| 25:09 | Build | House |
| 25:09 | Build | House |
| 25:11 | Build | House |
| 25:13 | Build | House |
| 25:13 | Build | House |
Build order — shegin
First 150 of 391 actions detected
| 0:01 | Create | Villager (Male) |
| 0:01 | Create | Villager (Male) |
| 0:02 | Build | House |
| 0:16 | Build | House |
| 0:17 | Build | House |
| 0:24 | Create | Villager (Male) |
| 0:40 | Create | Villager (Male) |
| 1:39 | Create | Villager (Male) |
| 1:40 | Create | Villager (Male) |
| 2:09 | Build | Lumber Camp |
| 2:11 | Create | Villager (Male) |
| 2:11 | Create | Villager (Male) |
| 2:33 | Create | Villager (Male) |
| 2:34 | Create | Villager (Male) |
| 2:46 | Create | Villager (Male) |
| 3:10 | Create | Villager (Male) |
| 3:15 | Create | Villager (Male) |
| 3:54 | Create | Villager (Male) |
| 4:16 | Create | Villager (Male) |
| 4:16 | Create | Villager (Male) |
| 4:55 | Create | Villager (Male) |
| 5:03 | Create | Villager (Male) |
| 5:11 | Build | Mill |
| 5:21 | Build | House |
| 5:28 | Create | Villager (Male) |
| 6:37 | Create | Villager (Male) |
| 6:44 | Build | Barracks |
| 7:14 | Create | Villager (Male) |
| 7:15 | Create | Villager (Male) |
| 7:38 | Create | Militia |
| 7:38 | Create | Militia |
| 7:38 | Create | Militia |
| 7:42 | Build | House |
| 7:51 | Create | Villager (Male) |
| 8:13 | Create | Villager (Male) |
| 8:15 | Build | House |
| 8:19 | Create | Militia |
| 8:21 | Create | Villager (Male) |
| 8:39 | Create | Militia |
| 8:44 | Build | House |
| 9:02 | Build | Mill |
| 9:05 | Research | Feudal Age |
| 9:26 | Create | Villager (Male) |
| 9:31 | Create | Villager (Male) |
| 9:45 | Create | Villager (Male) |
| 10:09 | Create | Villager (Male) |
| 10:11 | Build | Mining Camp |
| 10:28 | Create | Villager (Male) |
| 11:15 | Age | Feudal Age |
| 11:23 | Research | Man-at-Arms (upgrade) |
| 11:51 | Create | Villager (Male) |
| 12:10 | Build | Palisade Wall |
| 12:25 | Build | Market |
| 12:30 | Create | Villager (Male) |
| 12:42 | Create | Villager (Male) |
| 12:52 | Create | Spearman |
| 12:59 | Build | Palisade Wall |
| 13:27 | Create | Villager (Male) |
| 13:34 | Research | Loom |
| 13:38 | Build | Blacksmith |
| 13:49 | Build | Mining Camp |
| 13:54 | Create | Spearman |
| 14:00 | Create | Villager (Male) |
| 14:17 | Build | Watch Tower |
| 14:27 | Research | Castle Age |
| 14:27 | Research | Castle Age |
| 14:41 | Build | House |
| 15:25 | Research | Double-Bit Axe |
| 15:25 | Research | Double-Bit Axe |
| 15:28 | Build | Farm |
| 15:29 | Build | Farm |
| 15:32 | Build | Farm |
| 16:07 | Build | Farm |
| 16:09 | Build | Farm |
| 16:11 | Build | Farm |
| 16:37 | Build | Farm |
| 16:39 | Build | Farm |
| 17:00 | Create | Villager (Male) |
| 17:02 | Create | Villager (Male) |
| 17:07 | Age | Castle Age |
| 17:17 | Create | Villager (Male) |
| 18:38 | Create | Villager (Male) |
| 18:47 | Build | Castle |
| 19:01 | Build | House |
| 19:09 | Create | Villager (Male) |
| 19:11 | Build | House |
| 19:13 | Build | Stone Wall |
| 19:36 | Create | Villager (Male) |
| 19:43 | Create | Villager (Male) |
| 19:43 | Create | Villager (Male) |
| 19:49 | Create | Villager (Male) |
| 19:49 | Create | Villager (Male) |
| 20:02 | Build | Monastery |
| 20:04 | Build | Mill |
| 20:13 | Build | Mining Camp |
| 20:17 | Build | Mining Camp |
| 20:27 | Create | Hussite Wagon |
| 20:37 | Create | Villager (Male) |
| 20:50 | Create | Hussite Wagon |
| 21:14 | Create | Villager (Male) |
| 21:19 | Create | Spearman |
| 21:30 | Create | Hussite Wagon |
| 21:42 | Create | Villager (Male) |
| 21:42 | Create | Villager (Male) |
| 21:53 | Create | Spearman |
| 21:53 | Create | Spearman |
| 22:03 | Create | Villager (Male) |
| 22:04 | Create | Monk |
| 22:15 | Create | Villager (Male) |
| 22:27 | Create | Hussite Wagon |
| 22:28 | Create | Hussite Wagon |
| 22:49 | Create | Monk |
| 22:55 | Create | Villager (Male) |
| 23:06 | Create | Villager (Male) |
| 23:09 | Build | Town Center |
| 23:19 | Research | Fervor |
| 23:26 | Create | Villager (Male) |
| 23:29 | Create | Villager (Male) |
| 23:32 | Create | Hussite Wagon |
| 23:42 | Create | Villager (Male) |
| 24:07 | Create | Hussite Wagon |
| 24:26 | Create | Monk |
| 24:32 | Create | Villager (Male) |
| 24:32 | Create | Villager (Male) |
| 24:32 | Create | Villager (Male) |
| 24:56 | Research | Sanctity |
| 25:01 | Create | Hussite Wagon |
| 25:08 | Build | Mill |
| 25:42 | Create | Villager (Male) |
| 25:48 | Create | Hussite Wagon |
| 25:48 | Create | Hussite Wagon |
| 25:53 | Create | Villager (Male) |
| 25:59 | Create | Villager (Male) |
| 25:59 | Create | Hussite Wagon |
| 26:06 | Create | Monk |
| 26:25 | Create | Villager (Male) |
| 26:25 | Create | Villager (Male) |
| 26:26 | Create | Hussite Wagon |
| 26:26 | Create | Hussite Wagon |
| 26:46 | Research | Redemption |
| 26:49 | Create | Villager (Male) |
| 26:52 | Build | Monastery |
| 27:03 | Create | Villager (Male) |
| 27:04 | Create | Hussite Wagon |
| 27:04 | Create | Hussite Wagon |
| 27:04 | Create | Hussite Wagon |
| 27:12 | Build | House |
| 27:15 | Build | House |
| 27:16 | Build | House |
| 27:18 | Build | House |
Match timeline
| 5:16 | JOJO ROAD ROLLER · first_building Barracks |
| 6:44 | shegin · first_building Barracks |
| 8:59 | JOJO ROAD ROLLER · wall_segment Palisade Wall x5 |
| 9:55 | JOJO ROAD ROLLER · age_up feudal |
| 9:57 | JOJO ROAD ROLLER · first_building Archery Range |
| 10:00 | JOJO ROAD ROLLER · first_building Stable |
| 10:05 | JOJO ROAD ROLLER · wall_segment Palisade Wall x1 |
| 10:07 | JOJO ROAD ROLLER · wall_segment Palisade Wall x1 |
| 11:15 | shegin · age_up feudal |
| 12:10 | shegin · wall_segment Palisade Wall x1 |
| 12:59 | shegin · wall_segment Palisade Wall x1 |
| 13:30 | shegin · first_market_sell 100 stone |
| 17:07 | shegin · age_up castle |
| 18:47 | shegin · first_building Castle |
| 19:13 | shegin · wall_segment Stone Wall x1 |
| 20:02 | shegin · first_building Monastery |
| 21:11 | JOJO ROAD ROLLER · age_up castle |
| 21:12 | JOJO ROAD ROLLER · first_building Siege Workshop |
| 21:45 | JOJO ROAD ROLLER · first_building Monastery |
| 29:19 | JOJO ROAD ROLLER · first_market_buy 100 stone |
| 32:06 | shegin · first_market_buy 100 food |
| 35:23 | shegin · age_up imperial |
| 36:11 | JOJO ROAD ROLLER · first_building Castle |
| 38:09 | shegin · first_building Siege Workshop |
| 39:03 | JOJO ROAD ROLLER · age_up imperial |
| 47:10 | shegin · resign |
[ AI ANALYSIS · 1 CREDIT ]
What really happened in this match?
Wolo.gg analyzes every decision: build order, eco, micro, common mistakes by bracket. Personalized analysis on WhatsApp or Discord in 30 seconds.
Civ guide
Shu
Perfil
Jugador #12249685